 Dungeon Crawl Stone Soup version 0.17.0-18-gaab0e96 (console) character file.

169 gw the Twirler (level 5, -2/45 HPs)
             Began as a Draconian Gladiator on Nov 12, 2015.
             Slain by a gnoll
             ... wielding a +0 spear
              (5 damage)
             ... on level 3 of the Dungeon.
             The game lasted 00:02:04 (2522 turns).

gw the Twirler (Draconian Gladiator)                Turns: 2522, Time: 00:02:04

Health: -2/45      AC:  6    Str: 17    XL:     5   Next: 25%
Magic:  5/5        EV: 13    Int:  9    God:
Gold:   143        SH:  0    Dex: 12    Spells: 0 memorised, 4 levels left

rFire  . . .     SeeInvis .     a - +0 quarterstaff
rCold  . . .     Clarity  .     (armour unavailable)
rNeg   . . .     SustAt   .     (shield currently unavailable)
rPois  .         Gourm    .     b - +0 hat
rElec  .         Spirit   .     (no cloak)
rCorr  .         Warding  .     (no gloves)
rMut   .         Stasis   .     f - +0 pair of boots
MR     .....                    (no amulet)
Stlth  +.........               (no ring)
                                (no ring)

@: not resistant to hostile enchantments, very unstealthy
A: unfitting armour, cold-blooded, AC +5
a: no special abilities


You were on level 3 of the Dungeon.
You were not hungry.

You visited 1 branch of the dungeon, and saw 3 of its levels.

You collected 143 gold pieces.

Inventory:

Hand Weapons
 a - a +0 quarterstaff (weapon)
Missiles
 c - 5 throwing nets
 e - 97 stones (quivered)
 g - 8 needles of sleeping
 h - 19 poisoned needles
Armour
 b - a +0 hat (worn)
 f - a +0 pair of boots (worn)
Comestibles
 d - 4 bread rations


   Skills:
 + Level 3.0 Fighting
 * Level 4.5 Staves
 + Level 2.9 Throwing
 + Level 3.2 Dodging


You had 4 spell levels left.
You didn't know any spells.

Dungeon Overview and Level Annotations

Branches:
Dungeon (3/15)

Altars:
Elyvilon


Innate Abilities, Weirdness & Mutations

Your plain brown scales are hard (AC +5).
Your body does not fit into most forms of armour.
You are cold-blooded and may be slowed by cold attacks.


Message History

The gnoll hits you from afar with a halberd.
The gnoll hits you.
Unknown command.
Unknown command.
Unknown command.
Unknown command.
ATTACK MOVE TO (-1,0)
You barely miss the gnoll.
The gnoll is severely wounded.
The gnoll hits you from afar with a spear!
The gnoll misses you. The gnoll hits you but does no damage.
Unknown command.
Unknown command.
Unknown command.
Unknown command.
ATTACK MOVE TO (-1,0)
You hit the gnoll.
The gnoll is severely wounded.
The gnoll hits you from afar with a spear.
You die...

#########
........##
......)..#
=....ggd<#
.....g..........
##########......
##.... ###


You could see 3 gnolls.

Table legend:
 A = Turns spent in this place as a percentage of turns spent in the entire game.
 B = Non-inter-level travel turns spent in this place as a percentage of non-inter-level travel turns spent in the entire game.
 C = Inter-level travel turns spent in this place as a percentage of turns spent in this place.
 D = Turns resting spent in this place as a percentage of non-inter-level travel turns spent in this place.
 E = Turns spent auto-exploring this place as a percentage of non-inter-level travel turns spent in this place.
 F = Non-inter-level travel turns spent in this place divided by the number of levels of this place that you've seen.
                   A       B       C       D       E      F
               +-------+-------+-------+-------+-------+----------------------
         Total | 100.0 | 100.0 |   0.6 |   0.7 |   2.8 | 966.7
       Dungeon | 100.0 | 100.0 |   0.6 |   0.7 |   2.8 | 966.7
               +-------+-------+-------+-------+-------+----------------------

Table legend:
 A = Kills in this place as a percentage of kills in entire the game.
 B = Kills by you in this place as a percentage of kills by you in the entire game.
 C = Kills by friends in this place as a percentage of kills by friends in the entire game.
 D = Other kills in this place as a percentage of other kills in the entire game.
 E = Experience gained in this place as a percentage of experience gained in the entire game.
 F = Experience gained in this place divided by the number of levels of this place that you have seen.
                   A       B       C       D       E      F
               +-------+-------+-------+-------+-------+----------------------
         Total | 100.0 | 100.0 |  -nan |  -nan | 100.0 |  80.7
       Dungeon | 100.0 | 100.0 |  -nan |  -nan | 100.0 |  80.7
               +-------+-------+-------+-------+-------+----------------------

Vanquished Creatures
  Jessica (D:2)
  Terence (D:2)
  Natasha (thrice) (D:2)
  A gnoll (D:3)
  2 adders (D:2)
  2 oozes
  A giant gecko (D:2)
  10 bats
  A giant cockroach (D:1)
  6 goblins
  4 hobgoblins
  4 jackals
  2 giant newts
  10 kobolds
  4 rats
52 creatures vanquished.

Notes
Turn   | Place    | Note
--------------------------------------------------------------
     0 | D:1      | gw the Draconian Gladiator began the quest for the Orb.
     0 | D:1      | Reached XP level 1. HP: 17/17 MP: 1/1
   407 | D:1      | Reached XP level 2. HP: 24/24 MP: 2/2
  1048 | D:2      | Reached XP level 3. HP: 30/30 MP: 3/3
  1127 | D:2      | Noticed Natasha
  1132 | D:2      | Killed Natasha
  1237 | D:2      | Reached XP level 4. HP: 37/37 MP: 4/4
  1240 | D:2      | Noticed Natasha
  1243 | D:2      | Noticed Jessica
  1249 | D:2      | Killed Natasha
  1255 | D:2      | Killed Jessica
  1255 | D:2      | Reached skill level 4 in Staves
  1258 | D:2      | Noticed Natasha
  1266 | D:2      | Killed Natasha
  1844 | D:2      | Noticed Terence
  1856 | D:2      | Killed Terence
  1960 | D:2      | Reached XP level 5. HP: 36/45 MP: 5/5
  2069 | D:2      | Found a white marble altar of Elyvilon.
  2522 | D:3      | Slain by a gnoll

Action                   |  1- 3 |  4- 6 || total
-------------------------+-------+-------++-------
Melee: Quarterstaff      |    63 |    54 ||   117
Throw: Stone             |    58 |    30 ||    88
  Eat: Chunk             |     1 |     4 ||     5

Vault maps used:
D:1:      dpeg_arrival_solitude, grunt_decor_fettered
D:2:      overflow_temple_1_default, uniq_terence, uniq_jessica, uniq_natasha
D:3:      st_stairs_11
